TOP OF THE 1ST |
Bethesda Atoms batting - Pitching for Lancaster Farmers : RHP Fernando Romero
|
Pitching: RHP Fernando Romero
|
|
Batting: RHB Tomás Gonzáles
|
0-0: Ground out 4-3 (Groundball, 4)
|
Batting: RHB Renato Zuvic
|
0-0: Ground out 6-3 (Groundball, 6)
|
Batting: LHB Thierry Honoré
|
0-0: Fly out, F9 (Flyball, 9LM)
|
Top of the 1st over - 0 runs, 0 hits, 0 errors, 0 left on base; Bethesda 0 - Lancaster 0 |
BOTTOM OF THE 1ST |
Lancaster Farmers batting - Pitching for Bethesda Atoms : LHP Dennis Bly
|
Pitching: LHP Dennis Bly
|
|
Batting: LHB Barry Flauker
|
0-0: Ball 1-0: Called Strike 1-1: Foul Ball, location: 2F 1-2: Ball 2-2: Ground out 1-3 (Groundball, P)
|
Batting: RHB Rusty Fox
|
0-0: Swinging Strike 0-1: Ball 1-1: Called Strike 1-2: Ball 2-2: SINGLE (Groundball, 6MD)
|
Batting: RHB José Medina
|
0-0: Ball 1-0: Grounds into double play, 1-6-3 (Groundball, 13S)
|
Bottom of the 1st over - 0 runs, 1 hit, 0 errors, 0 left on base; Bethesda 0 - Lancaster 0 |
TOP OF THE 2ND |
Bethesda Atoms batting - Pitching for Lancaster Farmers : RHP Fernando Romero
|
Batting: RHB Diego Romero
|
0-0: Ball 1-0: Ground out 6-3 (Groundball, 56)
|
Batting: RHB Alain Grosjean
|
0-0: Fly out, F3 (Line Drive, 3S)
|
Batting: LHB Sandor Addicks
|
0-0: Called Strike 0-1: Ball 1-1: Swinging Strike 1-2: Strikes out looking
|
Top of the 2nd over - 0 runs, 0 hits, 0 errors, 0 left on base; Bethesda 0 - Lancaster 0 |
BOTTOM OF THE 2ND |
Lancaster Farmers batting - Pitching for Bethesda Atoms : LHP Dennis Bly
|
Batting: SHB Ray Carey
|
0-0: Ball 1-0: Ball 2-0: Called Strike 2-1: Ball 3-1: Base on Balls
|
Batting: LHB Kevin de Bruyne
|
0-0: Called Strike 0-1: SINGLE (Line Drive, 4MD) Ray Carey to second
|
Batting: RHB Cedric Terriquez
|
0-0: Fly out, F7 (Flyball, 7)
|
Batting: LHB Mike Sanderson
|
0-0: Foul Ball, location: 2F 0-1: Foul Ball, location: 2F 0-2: Foul Ball, location: 2F 0-2: Foul Ball, location: 2F 0-2: Foul Ball, location: 2F 0-2: Ball 1-2: SINGLE (Groundball, 56D) Ray Carey to third Kevin de Bruyne to second Runner from 3rd tries for Home, SAFE, throw made home
|
Batting: RHB Min-tae Yi
|
0-0: Fly out, F6 (Line Drive, 6)
|
Batting: RHB Du-yang Zhu
|
0-0: Foul Ball, location: 2F 0-1: Swinging Strike 0-2: Strikes out looking
|
Bottom of the 2nd over - 1 run, 2 hits, 0 errors, 2 left on base; Bethesda 0 - Lancaster 1 |
TOP OF THE 3RD |
Bethesda Atoms batting - Pitching for Lancaster Farmers : RHP Fernando Romero
|
Batting: RHB Bartolo Rosas
|
0-0: Fly out, F3 (Line Drive, 34)
|
Batting: RHB David Crow
|
0-0: Ball 1-0: Called Strike 1-1: Ball 2-1: Foul Ball, location: 2F 2-2: Ground out 3-1 (Groundball, 34)
|
Batting: SHB Joam Francia
|
0-0: Ball 1-0: Ball 2-0: SINGLE (Line Drive, 34)
|
Batting: RHB Tomás Gonzáles
|
0-0: Ball 1-0: Fly out, F7 (Line Drive, 7)
|
Top of the 3rd over - 0 runs, 1 hit, 0 errors, 1 left on base; Bethesda 0 - Lancaster 1 |
BOTTOM OF THE 3RD |
Lancaster Farmers batting - Pitching for Bethesda Atoms : LHP Dennis Bly
|
Batting: LHB Barry Flauker
|
0-0: Ball 1-0: Ground out 4-3 (Groundball, 4)
|
Batting: RHB Rusty Fox
|
0-0: Called Strike 0-1: Ball 1-1: Fly out, F9 (Flyball, 9LS)
|
Batting: RHB José Medina
|
0-0: Called Strike 0-1: Ground out 6-3 (Groundball, 56)
|
Bottom of the 3rd over - 0 runs, 0 hits, 0 errors, 0 left on base; Bethesda 0 - Lancaster 1 |
TOP OF THE 4TH |
Bethesda Atoms batting - Pitching for Lancaster Farmers : RHP Fernando Romero
|
Batting: RHB Renato Zuvic
|
0-0: Foul Ball, location: 2F 0-1: Foul Ball, location: 2F 0-2: Ground out 6-3 (Groundball, 6M)
|
Batting: LHB Thierry Honoré
|
0-0: Ball 1-0: Ball 2-0: Swinging Strike 2-1: Swinging Strike 2-2: Ball 3-2: SINGLE (Line Drive, 3D)
|
Batting: RHB Diego Romero
|
0-0: Hit by Pitch Thierry Honoré to second
|
Batting: RHB Alain Grosjean
|
0-0: Called Strike 0-1: Fly out, F8 (Line Drive, 89D) Runner from 2nd tags up, SAFE at 3rd, no throw
|
Batting: LHB Sandor Addicks
|
0-0: Called Strike 0-1: Foul Ball, location: 2F 0-2: Ball 1-2: Ball Diego Romero steals 2nd base 2-2: DOUBLE (Groundball, 3L) Thierry Honoré scores Diego Romero scores
|
Batting: RHB Bartolo Rosas
|
0-0: Ball 1-0: Called Strike 1-1: Foul Ball, location: 2F 1-2: Fly out, F7 (Flyball, 7)
|
Top of the 4th over - 2 runs, 2 hits, 0 errors, 1 left on base; Bethesda 2 - Lancaster 1 |
BOTTOM OF THE 4TH |
Lancaster Farmers batting - Pitching for Bethesda Atoms : LHP Dennis Bly
|
Batting: SHB Ray Carey
|
0-0: Ball 1-0: Foul Ball, location: 2F 1-1: Swinging Strike 1-2: Strikes out swinging
|
Batting: LHB Kevin de Bruyne
|
0-0: Ball 1-0: SINGLE (Groundball, 34D)
|
Batting: RHB Cedric Terriquez
|
0-0: Called Strike 0-1: Ball 1-1: Called Strike 1-2: Strikes out swinging
|
Batting: LHB Mike Sanderson
|
0-0: Ball 1-0: Called Strike 1-1: Ball 2-1: Foul Ball, location: 2F 2-2: Foul Ball, location: 2F 2-2: Ball 3-2: SINGLE (Groundball, 3) (infield hit) Kevin de Bruyne to second
|
Batting: RHB Min-tae Yi
|
0-0: Called Strike 0-1: SINGLE (Groundball, 34) (infield hit) Kevin de Bruyne to third Mike Sanderson to second
|
Batting: RHB Du-yang Zhu
|
0-0: Ball 1-0: Swinging Strike 1-1: Called Strike 1-2: Foul Ball, location: 2F 1-2: Foul Ball, location: 2F 1-2: Ball 2-2: Ball 3-2: DOUBLE (Line Drive, 8LD) Kevin de Bruyne scores Mike Sanderson scores Min-tae Yi to third Min-tae Yi scores
|
Batting: LHB Barry Flauker
|
0-0: Ball 1-0: Called Strike 1-1: Foul Ball, location: 2F 1-2: Ball 2-2: Foul Ball, location: 2F 2-2: Ground out 6-3 (Groundball, 6M)
|
Bottom of the 4th over - 3 runs, 4 hits, 0 errors, 1 left on base; Bethesda 2 - Lancaster 4 |
TOP OF THE 5TH |
Bethesda Atoms batting - Pitching for Lancaster Farmers : RHP Fernando Romero
|
Batting: RHB David Crow
|
0-0: Ball 1-0: Foul Ball, location: 2F 1-1: Ball 2-1: Ball 3-1: SINGLE (Groundball, 6MD)
|
Batting: SHB Joam Francia
|
0-0: Ball 1-0: Ball 2-0: Called Strike 2-1: Ball 3-1: Grounds into double play, 6-4-3 (Groundball, 6MD)
|
Batting: RHB Tomás Gonzáles
|
0-0: Foul Ball, location: 2F 0-1: Foul Ball, location: 2F 0-2: Ball 1-2: Ball 2-2: SINGLE (Groundball, 56) (infield hit)
|
Batting: RHB Renato Zuvic
|
0-0: Called Strike 0-1: Ball 1-1: Ball 2-1: Ball 3-1: Foul Ball, location: 2F 3-2: Base on Balls Tomás Gonzáles to second
|
Batting: LHB Thierry Honoré
|
0-0: Ball 1-0: Swinging Strike 1-1: Foul Ball, location: 2F 1-2: Foul Ball, location: 2F 1-2: Ball 2-2: Ball 3-2: Base on Balls Tomás Gonzáles to third Renato Zuvic to second
|
Batting: RHB Diego Romero
|
0-0: Called Strike 0-1: Hit by Pitch Tomás Gonzáles scores Renato Zuvic to third Thierry Honoré to second
|
Batting: RHB Alain Grosjean
|
0-0: Ball 1-0: Called Strike 1-1: Foul Ball, location: 2F 1-2: Fly out, F9 (Flyball, 9)
|
Top of the 5th over - 1 run, 2 hits, 0 errors, 3 left on base; Bethesda 3 - Lancaster 4 |
BOTTOM OF THE 5TH |
Lancaster Farmers batting - Pitching for Bethesda Atoms : LHP Dennis Bly
|
Batting: RHB Rusty Fox
|
0-0: Ball 1-0: Called Strike 1-1: Ball 2-1: Foul Ball, location: 2F 2-2: Ball 3-2: Strikes out swinging
|
Batting: RHB José Medina
|
0-0: Foul Ball, location: 2F 0-1: Ball 1-1: Ball 2-1: Called Strike 2-2: Ball 3-2: Ground out 5-3 (Groundball, 56)
|
Batting: SHB Ray Carey
|
0-0: Called Strike 0-1: Foul Ball, location: 2F 0-2: Ground out 6-3 (Groundball, 6)
|
Bottom of the 5th over - 0 runs, 0 hits, 0 errors, 0 left on base; Bethesda 3 - Lancaster 4 |
TOP OF THE 6TH |
Bethesda Atoms batting - Pitching for Lancaster Farmers : RHP Fernando Romero
|
Batting: LHB Sandor Addicks
|
0-0: Ball 1-0: Ball 2-0: Foul Ball, location: 2F 2-1: Foul Ball, location: 2F 2-2: SINGLE (Groundball, 3D)
|
Batting: RHB Bartolo Rosas
|
0-0: Ball 1-0: Swinging Strike 1-1: Ball 2-1: Ball 3-1: Base on Balls Sandor Addicks to second
|
Batting: RHB David Crow
|
0-0: Fielders Choice at 2nd, 5-4 (Groundball, 56) Sandor Addicks to third
|
Batting: SHB Joam Francia
|
0-0: Called Strike 0-1: Ball 1-1: Ball 2-1: Ground out 6-3 (Groundball, 4) David Crow to second
|
Pitching: LHP Ricardo Ramírez
|
|
Batting: RHB Tomás Gonzáles
|
0-0: Ball 1-0: Ball 2-0: Called Strike 2-1: Ball 3-1: Fly out, F8 (Flyball, 8RM)
|
Top of the 6th over - 0 runs, 1 hit, 0 errors, 2 left on base; Bethesda 3 - Lancaster 4 |
BOTTOM OF THE 6TH |
Lancaster Farmers batting - Pitching for Bethesda Atoms : LHP Dennis Bly
|
Batting: LHB Kevin de Bruyne
|
0-0: Fly out, F8 (Flyball, 78M)
|
Pitching: LHP Manuel Ceja
|
|
Batting: RHB Cedric Terriquez
|
0-0: Ball 1-0: SOLO HOME RUN (Flyball, 78XD), Distance : 423 ft
|
Batting: LHB Mike Sanderson
|
0-0: Called Strike 0-1: Ball 1-1: Swinging Strike 1-2: Fly out, F7 (Flyball, 78D)
|
Batting: RHB Min-tae Yi
|
0-0: Called Strike 0-1: Foul Ball, location: 2F 0-2: Ball 1-2: Ball 2-2: Ground out 5-3 (Groundball, 56)
|
Bottom of the 6th over - 1 run, 1 hit, 0 errors, 0 left on base; Bethesda 3 - Lancaster 5 |
TOP OF THE 7TH |
Bethesda Atoms batting - Pitching for Lancaster Farmers : LHP Ricardo Ramírez
|
Batting: RHB Renato Zuvic
|
0-0: Ball 1-0: Ball 2-0: Called Strike 2-1: Ball 3-1: Base on Balls
|
Batting: LHB Thierry Honoré
|
0-0: Called Strike 0-1: Called Strike 0-2: Strikes out swinging Renato Zuvic steals 2nd base Batter strikes out.
|
Batting: RHB Diego Romero
|
0-0: Ball 1-0: Fly out, F2 (Popup, 2LF)
|
Batting: RHB Alain Grosjean
|
0-0: SINGLE (Groundball, 6MD) Renato Zuvic to third Runner from 3rd tries for Home, SAFE, no throw
|
Batting: LHB Sandor Addicks
|
0-0: Ball 1-0: Ball 2-0: Called Strike 2-1: Foul Ball, location: 2F 2-2: Ball 3-2: SINGLE (Groundball, 4MD) Alain Grosjean to second Alain Grosjean to third
|
Batting: RHB Bartolo Rosas
|
0-0: Ball 1-0: Ball 2-0: Foul Ball, location: 2F 2-1: Foul Ball, location: 2F 2-2: Ground out U3 (Groundball, 34)
|
Top of the 7th over - 1 run, 2 hits, 0 errors, 2 left on base; Bethesda 4 - Lancaster 5 |
BOTTOM OF THE 7TH |
Lancaster Farmers batting - Pitching for Bethesda Atoms : LHP Manuel Ceja
|
Batting: RHB Du-yang Zhu
|
0-0: Ball 1-0: Foul Ball, location: 2F 1-1: Ball 2-1: DOUBLE (Line Drive, 9LS)
|
Pinch Hitting: RHB Cisco Gómez
|
0-0: Intentional Walk
|
Batting: RHB Rusty Fox
|
0-0: Called Strike 0-1: Sac Bunt - play at first, batter OUT! U3 Du-yang Zhu to third Cisco Gómez to second
|
Batting: RHB José Medina
|
0-0: Called Strike 0-1: Ball 1-1: Ball 2-1: Ground out 5-3 (Groundball, 56)
|
Batting: SHB Ray Carey
|
0-0: Fly out, F8 (Flyball, 8LD)
|
Bottom of the 7th over - 0 runs, 1 hit, 0 errors, 2 left on base; Bethesda 4 - Lancaster 5 |
TOP OF THE 8TH |
Bethesda Atoms batting - Pitching for Lancaster Farmers : LHP Ricardo Ramírez
|
Now in LF: Francisco Barranco
|
|
Batting: RHB David Crow
|
0-0: Called Strike 0-1: Called Strike 0-2: SINGLE (Line Drive, 78S)
|
Pitching: RHP Javier Mejía
|
|
Batting: SHB Joam Francia
|
0-0: Ball 1-0: SINGLE (Line Drive, 7S) David Crow to second Runner from 2nd tries for 3rd, SAFE, no throw
|
Pinch Hitting: LHB Fa-tang Wang
|
0-0: DOUBLE (Groundball, 3L) David Crow scores Joam Francia to third
|
Pinch Hitting: LHB Arana Sashi
|
0-0: Ball 1-0: Ball 2-0: Called Strike 2-1: Foul Ball, location: 2F 2-2: Foul Ball, location: 2F 2-2: Ball 3-2: Strikes out looking
|
Batting: LHB Thierry Honoré
|
0-0: Intentional Walk
|
Batting: RHB Diego Romero
|
0-0: Ball 1-0: Called Strike 1-1: Foul Ball, location: 2F 1-2: Ball 2-2: Grounds into fielders choice 4-2 (Groundball, 34) Fa-tang Wang to third Thierry Honoré to second
|
Batting: RHB Alain Grosjean
|
0-0: Ball 1-0: Called Strike 1-1: Foul Ball, location: 2F 1-2: Fielders Choice at 2nd, 6-4 (Groundball, 6)
|
Top of the 8th over - 1 run, 3 hits, 0 errors, 3 left on base; Bethesda 5 - Lancaster 5 |
BOTTOM OF THE 8TH |
Lancaster Farmers batting - Pitching for Bethesda Atoms : LHP Manuel Ceja
|
Now in LF: Fa-tang Wang
|
|
Now in RF: Arana Sashi
|
|
Batting: LHB Kevin de Bruyne
|
0-0: Ball 1-0: Swinging Strike 1-1: Foul Ball, location: 2F 1-2: Ball 2-2: Strikes out swinging
|
Batting: RHB Cedric Terriquez
|
0-0: Called Strike 0-1: Ball 1-1: Called Strike 1-2: Fly out, F9 (Flyball, 9LDF)
|
Batting: LHB Mike Sanderson
|
0-0: Ball 1-0: Foul Ball, location: 2F 1-1: Ball 2-1: Foul Ball, location: 2F 2-2: Foul Ball, location: 2F 2-2: Strikes out swinging
|
Bottom of the 8th over - 0 runs, 0 hits, 0 errors, 0 left on base; Bethesda 5 - Lancaster 5 |
TOP OF THE 9TH |
Bethesda Atoms batting - Pitching for Lancaster Farmers : RHP Javier Mejía
|
Pitching: RHP António Rodríguez
|
|
Batting: LHB Sandor Addicks
|
0-0: Ball 1-0: Called Strike 1-1: Ball 2-1: Swinging Strike 2-2: Ball 3-2: Ground out 4-3 (Groundball, 4)
|
Batting: RHB Bartolo Rosas
|
0-0: Ball 1-0: Fly out, F6 (Line Drive, 6)
|
Batting: RHB David Crow
|
0-0: Swinging Strike 0-1: Ball 1-1: Ball 2-1: Swinging Strike 2-2: Fly out, F9 (Flyball, 9LMF)
|
Top of the 9th over - 0 runs, 0 hits, 0 errors, 0 left on base; Bethesda 5 - Lancaster 5 |
BOTTOM OF THE 9TH |
Lancaster Farmers batting - Pitching for Bethesda Atoms : LHP Manuel Ceja
|
Batting: RHB Min-tae Yi
|
0-0: Ground out 6-3 (Groundball, 6)
|
Batting: RHB Du-yang Zhu
|
0-0: Ball 1-0: Fly out, F8 (Flyball, 8RD)
|
Batting: LHB Francisco Barranco
|
0-0: Called Strike 0-1: TRIPLE (Flyball, 8RXD)
|
Batting: RHB Rusty Fox
|
0-0: Called Strike 0-1: Foul Ball, location: 2F 0-2: Ball 1-2: Ball 2-2: Ball 3-2: Ground out 3-1 (Groundball, 34S)
|
Bottom of the 9th over - 0 runs, 1 hit, 0 errors, 1 left on base; Bethesda 5 - Lancaster 5 |
TOP OF THE 10TH |
Bethesda Atoms batting - Pitching for Lancaster Farmers : RHP António Rodríguez
|
Batting: SHB Joam Francia
|
0-0: Ball 1-0: Swinging Strike 1-1: Foul Ball, location: 2F 1-2: Strikes out looking
|
Batting: LHB Fa-tang Wang
|
0-0: Called Strike 0-1: Ball 1-1: Called Strike 1-2: Fly out, F7 (Flyball, 7)
|
Batting: LHB Arana Sashi
|
0-0: Ball 1-0: Foul Ball, location: 2F 1-1: Ball 2-1: Ball 3-1: Swinging Strike 3-2: Strikes out swinging
|
Top of the 10th over - 0 runs, 0 hits, 0 errors, 0 left on base; Bethesda 5 - Lancaster 5 |
BOTTOM OF THE 10TH |
Lancaster Farmers batting - Pitching for Bethesda Atoms : LHP Manuel Ceja
|
Pitching: RHP Bill Tench
|
|
Batting: RHB José Medina
|
0-0: Called Strike 0-1: Ball 1-1: Called Strike 1-2: Ball 2-2: SINGLE (Groundball, 56D)
|
Batting: SHB Ray Carey
|
0-0: Called Strike 0-1: Ball 1-1: Fly out, F7 (Flyball, 8LS)
|
Batting: LHB Kevin de Bruyne
|
0-0: SINGLE (Line Drive, 3D) José Medina to second
|
Batting: RHB Cedric Terriquez
|
0-0: Called Strike 0-1: SINGLE (Groundball, 4D) José Medina to third Kevin de Bruyne to second Runner from 3rd tries for Home, SAFE, no throw
|
 |
Friday, July 19th, 2019 - OOTP Baseball 20.5 Build 52
|
|